 Dungeon Crawl Stone Soup version 0.28-a0-1199-gef9e1dbd39 (webtiles) character file.

Game seed: 14824027905884204251

305 karrick the Sneak (level 6, 0/42 (44) HPs)
             Began as a Gnoll Enchanter on Dec 20, 2021.
             Slain by an orc (1 damage)
             ... on level 5 of the Dungeon.
             The game lasted 00:07:53 (4113 turns).

karrick the Sneak (Gnoll Enchanter)                 Turns: 4113, Time: 00:07:54

HP:   0/42 (44)     AC:  3    Str: 10    XL:     6   Next: 39%
MP:   14/14         EV: 13    Int: 14    God:
Gold: 143           SH:  0    Dex: 12    Spells: 9/15 levels left

rFire   . . .      SeeInvis .   a - +1 dagger
rCold   . . .      Faith    .   (no shield)
rNeg    . . .      Spirit   .   b - +0 robe
rPois   .          Reflect  .   c - +0 helmet
rElec   .          Harm     .   (no cloak)
rCorr   .          Rampage  .   (no gloves)
Will    .....                   (no boots)
Stlth   +++.......              (no amulet)
HPRegen 0.14/turn               (no ring)
MPRegen 0.14/turn               (no ring)

@: brilliant, lightly drained
A: fangs 1, strong nose, distributed training
a: no special abilities


You were on level 5 of the Dungeon.
You visited 1 branch of the dungeon, and saw 5 of its levels.

You collected 143 gold pieces.

Inventory:

Hand Weapons
 a - a +1 dagger (weapon)
Missiles
 f - 3 boomerangs (quivered)
Armour
 b - a +0 robe (worn)
 c - a +0 helmet (worn)
 i - a +2 tower shield
Magical Staves
 n - a staff of poison
Scrolls
 g - a scroll of acquirement {unknown}
 j - a scroll of torment {unknown}
 l - a scroll of amnesia {unknown}
 m - a scroll of enchant weapon {unknown}
 q - a scroll of immolation {unknown}
Potions
 e - a potion of lignification {unknown}
 h - a potion of brilliance
 o - a potion of magic {unknown}
 p - a potion of resistance {unknown}


   Skills:
 + Level 1.9 Fighting
 + Level 3.2 Short Blades
 + Level 1.9 Long Blades
 + Level 1.9 Axes
 + Level 1.9 Maces & Flails
 + Level 1.9 Polearms
 + Level 1.9 Staves
 + Level 1.9 Slings
 + Level 1.9 Bows
 + Level 1.9 Crossbows
 + Level 1.9 Throwing
 + Level 1.9 Armour
 + Level 5.0 Dodging
 + Level 6.3 Stealth
 + Level 1.9 Shields
 + Level 1.9 Unarmed Combat
 + Level 5.3 Spellcasting
 + Level 1.5 Conjurations
 + Level 5.6 Hexes
 + Level 1.5 Summonings
 + Level 1.5 Necromancy
 + Level 1.5 Translocations
 + Level 1.5 Transmutations
 + Level 1.5 Fire Magic
 + Level 1.5 Ice Magic
 + Level 1.5 Air Magic
 + Level 1.5 Earth Magic
 + Level 1.5 Poison Magic
 + Level 2.1 Invocations
 + Level 1.9 Evocations


You had 9 spell levels left.
You knew the following spells:

 Your Spells              Type           Power      Damage    Failure   Level
a - Confusing Touch       Hex            29%        N/A       4%          3
b - Tukima's Dance        Hex            29%        N/A       4%          3

Your spell library contained the following spells:

 Spells                   Type           Power      Damage    Failure   Level
 Ensorcelled Hibernation  Hex/Ice        40%        N/A       6%          2
 Dazzling Flash           Conj/Hex       40%        N/A       12%         3


Dungeon Overview and Level Annotations

Branches:
Dungeon (5/15)
 Temple: D:4-7

Altars:
Hepliaklqana
Yredelemnul

Annotations:
D:3 1 runed translucent door


Innate Abilities, Weirdness & Mutations

You have very sharp teeth.
Your uncanny sense of smell can sniff out nearby items.
Your experience applies equally to all skills.


Message History

You feel strangely unstable.
The gnoll shouts! x3
The gnoll hits you from afar with a +0 spear.
The gnoll hits you from afar with a +0 spear.
The orc hits you with a +0 flail of venom.
* * * LOW HITPOINT WARNING * * *
You are poisoned.
The gnoll barely misses you.
* * * LOW HITPOINT WARNING * * *
You feel very sick.
The gnoll hits you from afar with a +0 spear.
* * * LOW HITPOINT WARNING * * *
It was a potion of brilliance.
You feel clever all of a sudden.
Your surroundings suddenly seem different. 3 orcs come into view.
* * * LOW HITPOINT WARNING * * *
You feel sick.
It was a potion of curing.
You feel better.
As you read the scroll of teleportation, it crumbles to dust.
You feel strangely unstable.
The orc shouts! x2
The orc hits you with a +0 club.
Your surroundings suddenly seem different.
The gnoll hits you from afar with a +0 spear!
* * * LOW HITPOINT WARNING * * *
The gnoll hits you from afar with a +0 spear.
* * * LOW HITPOINT WARNING * * *
The gnoll shouts!
You aren't carrying any items that you can evoke.
Okay, then.
The orc shouts!
The gnoll barely misses you.
The gnoll throws a throwing net.
The throwing net barely misses you.
You see here a throwing net.
You hit the orc.
The orc is heavily wounded.
The gnoll closely misses you.
The orc hits you with a +0 flail of venom.
You die...

###### .
####....###....
..................
...####......#....
#...gg##.# ##
#.#.gg# .# #.#.o(#
# # #..@# #####


You could see 4 gnolls and an orc.

Vanquished Creatures
  A scorpion (D:4)
  A gnoll shaman (D:4)
  2 iguanas (D:4)
  4 gnolls
  8 adders
  A dart slug (D:4)
  An orc (D:3)
  5 ball pythons
  3 bats
  3 endoplasms
  5 giant cockroaches
  5 goblins
  5 hobgoblins
  4 kobolds
  A frilled lizard (D:2)
  A kobold skeleton (D:3)
  9 rats
59 creatures vanquished.

Vanquished Creatures (collateral kills)
  An orc (D:4)
1 creature vanquished.

Vanquished Creatures (others)
  2 dancing weapons (D:4)
2 creatures vanquished.

Grand Total: 62 creatures vanquished

Notes
Turn   | Place    | Note
-------+----------+-------------------------------------------
     0 | D:1      | karrick the Gnoll Enchanter began the quest for the Orb.
     0 | D:1      | Reached XP level 1. HP: 13/13 MP: 6/6
   269 | D:1      | Reached XP level 2. HP: 19/19 MP: 7/7
  1141 | D:2      | Reached skill level 5 in Spellcasting
  1141 | D:2      | Reached XP level 3. HP: 25/25 MP: 7/9
  1375 | D:3      | Reached skill level 6 in Stealth
  1450 | D:1      | Learned a level 3 spell: Confusing Touch
  1454 | D:1      | Learned a level 3 spell: Tukima's Dance
  1703 | D:1      | Found a faded altar of an unknown god.
  1709 | D:1      | Reached skill level 1 in Invocations
  2220 | D:3      | Found a hazy altar of Hepliaklqana.
  2397 | D:3      | Reached skill level 1 in Fighting
  2397 | D:3      | Reached skill level 1 in Long Blades
  2397 | D:3      | Reached skill level 1 in Axes
  2397 | D:3      | Reached skill level 1 in Maces & Flails
  2397 | D:3      | Reached skill level 1 in Polearms
  2397 | D:3      | Reached skill level 1 in Staves
  2397 | D:3      | Reached skill level 1 in Slings
  2397 | D:3      | Reached skill level 1 in Bows
  2397 | D:3      | Reached skill level 1 in Crossbows
  2397 | D:3      | Reached skill level 1 in Throwing
  2397 | D:3      | Reached skill level 1 in Armour
  2397 | D:3      | Reached skill level 1 in Shields
  2397 | D:3      | Reached skill level 1 in Unarmed Combat
  2397 | D:3      | Reached skill level 1 in Evocations
  2576 | D:3      | Found a runed translucent door.
  2576 | D:3      | Noticed a human
  2579 | D:3      | Found a basalt altar of Yredelemnul.
  2768 | D:3      | Reached XP level 4. HP: 24/32 MP: 1/11
  2933 | D:4      | Noticed a scorpion
  2940 | D:4      | Killed a scorpion
  2941 | D:4      | Reached skill level 1 in Conjurations
  2941 | D:4      | Reached skill level 1 in Summonings
  2941 | D:4      | Reached skill level 1 in Necromancy
  2941 | D:4      | Reached skill level 1 in Translocations
  2941 | D:4      | Reached skill level 1 in Transmutations
  2941 | D:4      | Reached skill level 1 in Fire Magic
  2941 | D:4      | Reached skill level 1 in Ice Magic
  2941 | D:4      | Reached skill level 1 in Air Magic
  2941 | D:4      | Reached skill level 1 in Earth Magic
  2941 | D:4      | Reached skill level 1 in Poison Magic
  2941 | D:4      | Reached XP level 5. HP: 37/37 MP: 12/12
  3601 | D:4      | Reached XP level 6. HP: 26/44 MP: 10/13
  3920 | D:4      | Noticed a necrophage
  3970 | D:4      | Reached skill level 5 in Dodging
  4084 | D:5      | Entered Level 5 of the Dungeon
  4084 | D:5      | Noticed an ice beast
  4110 | D:5      | HP: 1/42 [gnoll (5)]
  4113 | D:5      | Slain by an orc

Illustrated notes

Levels and vault maps discovered:
D:1:      amcnicky_arrival_abandoned_market, layout_basic,
          ebering_ecumenical_altar_rust
D:2:      layout_loops_ring
D:3:      layout_basic, mainiacjoe_overflow_boulevard, dk_yredelemnul_ordeal
D:4:      layout_basic, lightli_temple_of_fire
D:5:      layout_basic

Skill      XL: |  1  2  3  4  5  6 |
---------------+-------------------+-----
Spellcasting   | 5 |  5.3
Stealth        | 6 |  6.3
Invocations    | 1 2 |  2.1
Fighting       | 1 |  1.9
Long Blades    | 1 |  1.9
Axes           | 1 |  1.9
Maces & Flails | 1 |  1.9
Polearms       | 1 |  1.9
Staves         | 1 |  1.9
Slings         | 1 |  1.9
Bows           | 1 |  1.9
Crossbows      | 1 |  1.9
Throwing       | 1 |  1.9
Armour         | 1 |  1.9
Shields        | 1 |  1.9
Unarmed Combat | 1 |  1.9
Evocations     | 1 |  1.9
Conjurations   | 1 |  1.5
Summonings     | 1 |  1.5
Necromancy     | 1 |  1.5
Translocations | 1 |  1.5
Transmutations | 1 |  1.5
Fire Magic     | 1 |  1.5
Ice Magic      | 1 |  1.5
Air Magic      | 1 |  1.5
Earth Magic    | 1 |  1.5
Poison Magic   | 1 |  1.5
Short Blades   | 3 |  3.2
Dodging        | 5 |  5.0
Hexes          | |  5.6

Action                   |  1- 3 |  4- 6 || total
-------------------------+-------+-------++-------
Melee: Dagger            |   165 |   112 ||   277
       Bite              |     7 |     8 ||    15
Throw: Boomerang         |       |     2 ||     2
 Cast: Confusing Touch   |     5 |    15 ||    20
       Tukima's Dance    |       |     6 ||     6
  Use: Potion            |     1 |     2 ||     3
       Scroll            |       |     3 ||     3
 Stab: Sleeping          |    10 |     1 ||    11
       Invisible         |     1 |       ||     1
       Confused          |     2 |    16 ||    18
       Distracted        |     1 |       ||     1
Armor: Robe              |    37 |     9 ||    46
Dodge: Dodged            |   117 |    59 ||   176

Table legend: (Time is in decaauts)
 A = Elapsed time spent in this place.
 B = Non-inter-level travel time spent in this place.
 C = Inter-level travel time spent in this place.
 D = Time resting spent in this place.
 E = Time spent auto-exploring this place.
 F = Levels seen in this place.
 G = Mean time per level.
                   A        B        C        D        E       F      G
               +--------+--------+--------+--------+--------+-----+--------+
         Total |   4078 |   3859 |    219 |    165 |   2915 |   5 |  815.6 |
       Dungeon |   4078 |   3859 |    219 |    165 |   2915 |   5 |  815.6 |
               +--------+--------+--------+--------+--------+-----+--------+

Top non-repeatable levels by time:
     D:2: 1163 daAuts
     D:1: 1038 daAuts
     D:4: 1019 daAuts
     D:3: 829 daAuts
     D:5: 28 daAuts
